 Dungeon Crawl Stone Soup version 0.31.0-12-g77e489cdc1 (webtiles) character file.

Game seed: 627406931584138061

122 Lungfish the Magician (level 5, -1/35 HPs)
             Began as a Djinni Earth Elementalist on Feb 21, 2024.
             Killed by divine providence
             ... invoked by an orc priest
              (15 damage)
             ... on level 4 of the Dungeon.
             The game lasted 00:12:07 (2727 turns).

Lungfish the Magician (Djinni Earth Elementalist)   Turns: 2727, Time: 00:12:08

Health: -1/35      AC:  6    Str:  7    XL:     5   Next: 27%
Gold:   146        EV: 11    Int: 18    God:
                   SH:  0    Dex: 14

rFire   + + +        a - +3 dagger (venom)
rCold   x . .        (no shield)
rNeg    . . .        k - +2 leather armour {rF+}
rPois   ∞            (no helmet)
rElec   .            h - +0 cloak
rCorr   .            (no gloves)
SInv    .            (boots unavailable)
Will    .....        (no amulet)
Stlth   ++           (no ring)
HPRegen 0.25/turn    (no ring)
MPRegen 0.00/turn

%: infuse magic (-2 HP)
@: flying
A: sickness immunity, fire resistance 2, cold vulnerability 1, float, innate
caster, HP casting, extra vitality 1
a: no special abilities


You were on level 4 of the Dungeon.
You visited 1 branch of the dungeon, and saw 4 of its levels.

You collected 146 gold pieces.

Inventory:

Hand Weapons
 a - a +3 dagger of venom (weapon)
Armour
 h - a +0 cloak (worn)
 k - a +2 leather armour of fire resistance (worn)
Jewellery
 f - an amulet of faith
Scrolls
 b - a scroll of blinking {unknown}
 c - 3 scrolls of teleportation
 e - a scroll of enchant weapon
 g - a scroll of torment {unknown}
 m - a scroll of fear {unknown}
 n - a scroll of identify {unknown}
Potions
 d - a potion of magic {unknown}
 i - a potion of heal wounds {unknown}
 j - a potion of enlightenment {unknown}
 l - 2 potions of curing {unknown}


   Skills:
 - Level 2.3 Dodging
 - Level 1.7 Stealth
 + Level 4.7 Spellcasting
 + Level 4.7 Conjurations
 + Level 4.7 Hexes
 + Level 4.7 Summonings
 + Level 4.7 Necromancy
 + Level 4.7 Translocations
 + Level 4.7 Fire Magic
 + Level 4.7 Ice Magic
 + Level 4.7 Air Magic
 + Level 4.7 Earth Magic
 + Level 4.7 Alchemy


You knew the following spells:

 Your Spells              Type           Power      Damage    Failure   Level
a - Sandblast             Erth           42%        2d11      3%          1
b - Passwall              Erth           21%        N/A       9%          3
c - Stone Arrow           Conj/Erth      42%        3d9       9%          3
d - Petrify               Alch/Erth      21%        N/A       30%         4
e - Brom's Barrelling Bo  Conj/Erth      21%        2d4       30%         4
f - Necrotise             Necr           84%        1d8       3%          1
g - Scorch                Fire           42%        2d6       4%          2
Your spell library was empty.

Dungeon Overview and Level Annotations

Branches:
Dungeon (4/15)
 Temple: D:4-7

Altars:
Gozag
Wu Jian
Yredelemnul

Shops:
D:3 (


Innate Abilities, Weirdness & Mutations

You are immune to sickness and miasma.
You are immune to poison.
Your flesh is very heat resistant. (rF++)
You are vulnerable to cold. (rC-)
You float through the air rather than walking.
You learn spells naturally, not from books.
Your magical power is your life essence.
You have superior vitality. (+4 MHP)


Message History

Press: ? - help, Shift-Dir - straight line, f/p - orc priest
Aim: an orc priest, wielding a +0 dagger and wearing a +0 chain mail (severely wounded, ally target, 87% to hit)
The blast of sand misses the orc priest.
The orc priest hits your orc skeleton with a +0 dagger.
Your orc skeleton is destroyed!
Casting: Sandblast (safe; 3% risk of failure)
Confirm with . or Enter, or press ? or * to list all spells.
Aiming: Sandblast (safe; 3% risk of failure)
Press: ? - help, Shift-Dir - straight line, f/p - orc priest
Aim: an orc priest, wielding a +0 dagger and wearing a +0 chain mail (severely wounded, 87% to hit)
The blast of sand hits the orc priest but does no damage.
The orc priest is severely wounded.
The orc priest looks braver for a moment.
Casting: Sandblast (safe; 3% risk of failure)
Confirm with . or Enter, or press ? or * to list all spells.
Aiming: Sandblast (safe; 3% risk of failure)
Press: ? - help, Shift-Dir - straight line, f/p - orc priest
Aim: an orc priest, wielding a +0 dagger and wearing a +0 chain mail (severely wounded, 87% to hit)
The blast of sand hits the orc priest but does no damage.
The orc priest is severely wounded.
The orc priest looks satisfied for a moment.
Casting: Sandblast (safe; 3% risk of failure)
Confirm with . or Enter, or press ? or * to list all spells.
Aiming: Sandblast (safe; 3% risk of failure)
Press: ? - help, Shift-Dir - straight line, f/p - orc priest
Aim: an orc priest, wielding a +0 dagger and wearing a +0 chain mail (severely wounded, 87% to hit)
The blast of sand hits the orc priest but does no damage.
The orc priest is severely wounded.
The orc priest closely misses you.
The orc priest hits you but does no damage.
Casting: Sandblast (safe; 3% risk of failure)
Confirm with . or Enter, or press ? or * to list all spells.
Aiming: Sandblast (safe; 3% risk of failure)
Press: ? - help, Shift-Dir - straight line, f/p - orc priest
Aim: an orc priest, wielding a +0 dagger and wearing a +0 chain mail (severely wounded, 87% to hit)
The blast of sand hits the orc priest.
The orc priest is severely wounded.
The orc priest calls down the wrath of Beogh upon you.
Beogh smites you!
You die...

#. #.# #.# #.#
# #.###
#.##...########
#....#.........
#.)<######.#
#@o### #.(..#
##.#.# #....#
....)...o
#.##....###.o #
...#.# #.###.#
#. .#


You could see an orc priest.

Vanquished Creatures
  An orc wizard (D:3)
  2 adders
  2 dart slugs (D:3)
  2 ribbon worms (D:3)
  6 orcs
  4 endoplasms
  2 giant cockroaches (D:1)
  4 goblins
  7 hobgoblins
  4 kobolds (D:1)
  A quokka (D:1)
  10 ball pythons
  8 bats
  2 frilled lizards (D:1)
  8 rats
63 creatures vanquished.

Notes
Turn   | Place    | Note
-------+----------+-------------------------------------------
     0 | D:1      | Lungfish the Djinni Earth Elementalist began the quest for
                  | the Orb.
     0 | D:1      | Lungfish set off with the following spells memorised:
                  | Sandblast, Passwall, Stone Arrow, Petrify, Brom's
                  | Barrelling Boulder.
     0 | D:1      | Reached XP level 1. HP: 15/15 MP: 0/0
    83 | D:1      | Reached XP level 2. HP: 18/21 MP: 0/0
   328 | D:1      | Reached XP level 3. HP: 24/25 MP: 0/0
   328 | D:1      | Learned a level 1 spell: Necrotise
   331 | D:1      | Found a faded altar of an unknown god.
  1096 | D:2      | Reached XP level 4. HP: 26/31 MP: 0/0
  1342 | D:2      | Found an opulent altar of Gozag.
  1726 | D:3      | Found Ykleipay's Weapon Shop.
  1862 | D:3      | Found a basalt altar of Yredelemnul.
  1890 | D:3      | Found an ornate altar of the Wu Jian Council.
  2636 | D:3      | Reached XP level 5. HP: 18/35 MP: 0/0
  2636 | D:3      | Learned a level 2 spell: Scorch
  2727 | D:4      | Killed from afar by an orc priest

Illustrated notes

Levels and vault maps discovered:
D:1:      ldierk_walled_garden, layout_basic, ebering_ecumenical_altar_mist,
          minmay_tromino_v2
D:2:      layout_loops_corners, basic_altar, chequers_garden
D:3:      layout_loops_ring, mainiacjoe_overflow_surrounded_room,
          lemuel_crystal_altar, serial_shops, shop_statue,
          minmay_strange_pillars, serial_bayou_ford_a
D:4:      layout_loops_ring, nicolae_dithmenos_the_darkroom,
          amethyst_overflow_temple_binary, gammafunk_ghost_cemetery,
          nicolae_elemental_shop

Skill      XL: |  1  2  3 |
---------------+----------+-----
Spellcasting   | 4 |  4.7
Conjurations   | 4 |  4.7
Hexes          | 4 |  4.7
Summonings     | 4 |  4.7
Necromancy     | 4 |  4.7
Translocations | 4 |  4.7
Fire Magic     | 4 |  4.7
Ice Magic      | 4 |  4.7
Air Magic      | 4 |  4.7
Earth Magic    | 4 |  4.7
Alchemy        | 4 |  4.7
Dodging        | |  2.3
Stealth        | |  1.7

Action                     |  1- 3 |  4- 6 || total
---------------------------+-------+-------++-------
  Melee: Unarmed           |     4 |       ||     4
         Dagger            |     5 |    11 ||    16
   Cast: Sandblast         |    36 |    41 ||    77
         Necrotise         |     6 |     3 ||     9
    Use: Scroll            |       |     2 ||     2
   Stab: Sleeping          |       |     1 ||     1
 Armour: Robe              |    15 |       ||    15
         Leather armour    |       |    19 ||    19
  Dodge: Dodged            |    21 |     9 ||    30
